 Dungeon Crawl Stone Soup version 0.26-a0-1139-g7d2dc893a1 (webtiles) character file.

Game seed: 16778404490473124491

40 Dracia the Charlatan (level 3, 0/26 HPs)
             Began as a Demonspawn Artificer on Dec 21, 2020.
             Succumbed to an adder's poison
             ... on level 4 of the Dungeon.
             The game lasted 00:01:59 (2146 turns).

Dracia the Charlatan (Demonspawn Artificer)         Turns: 2146, Time: 00:02:00

Health: 0/26       AC:  3    Str: 13    XL:     3   Next: 30%
Magic:  12/12      EV: 12    Int: 14    God:
Gold:   83         SH:  0    Dex: 13    Spells: 2/2 levels left

rFire    . . .     SeeInvis .   h - +0 spear
rCold    + . .     Faith    .   (no shield)
rNeg     . . .     Spirit   .   b - +0 leather armour
rPois    .         Reflect  .   (no helmet)
rElec    .         Harm     .   (no cloak)
rCorr    .         Rampage  .   (no gloves)
Will     .....                  (no boots)
Stlth    +.........             (no amulet)
HPRegen  0.08/turn              W - ring of magical power
MPRegen  0.13/turn              (no ring)

@: lethally poisoned (0 -> -15)
A: cold resistance 1, big brain 1
a: no special abilities


You were on level 4 of the Dungeon.
You visited 1 branch of the dungeon, and saw 3 of its levels.

You collected 83 gold pieces.


Innate Abilities, Weirdness & Mutations

Your flesh is cold resistant. (rC+)
You have an unusually large brain. (Int +2)


   Skills:
 - Level 1.0 Fighting
 + Level 2.4 Armour
 + Level 1.8 Dodging
 - Level 0.8 Stealth
 + Level 3.5 Evocations


You had 2 spell levels left.
You didn't know any spells.
Your spell library was empty.

Inventory:

Hand Weapons
 a - a +0 club
 h - a +0 spear (weapon)
Missiles
 q - 2 silver javelins
Armour
 b - a +0 leather armour (worn)
Jewellery
 W - a ring of magical power (left hand)
Wands
 c - a wand of flame (15) (quivered)
 d - a wand of enslavement (15)
 e - a wand of random effects (15)
Scrolls
 f - a scroll of fear {unknown}
 g - 2 scrolls of remove curse {unknown}
 i - 2 scrolls of magic mapping {unknown}
 j - a scroll of fog {unknown}
 m - a scroll of identify {unknown}
 o - a scroll of enchant weapon {unknown}
Potions
 k - a potion of attraction {unknown}
 l - a potion of mutation {unknown}
 n - a potion of curing {unknown}
 p - a potion of resistance {unknown}
 r - a potion of magic {unknown}

Dungeon Overview and Level Annotations

Branches:
Dungeon (2/15)

Altars:

≈≈≈≈....#.#
..P.....#.##
...........#
...#######.# ##.
#.# # #.#
###'####
#......########..
#......'.@S......
#......##########
###......
###.#### #.# #.#
#.#


You could see an adder.


Message History

You feel sick. The adder misses you. The adder bites you but does no damage.
You barely miss the adder.
The adder is lightly wounded.
The adder bites you.
You hit the adder.
The adder is heavily wounded.
You feel sick. The adder completely misses you. The adder closely misses you.
You barely miss the adder.
The adder is heavily wounded.
You feel sick. The adder bites you but does no damage.
You closely miss the adder.
The adder is heavily wounded.
You feel sick. The adder bites you.
* * * LOW HITPOINT WARNING * * *
You are lethally poisoned!
The adder poisons you! The adder bites you.
* * * LOW HITPOINT WARNING * * *
You hit the adder.
The adder is almost dead.
* * * LOW HITPOINT WARNING * * *
You feel sick. The adder bites you but does no damage.
You closely miss the adder.
The adder is almost dead.
The adder bites you.
* * * LOW HITPOINT WARNING * * *
You are more poisoned.
The adder poisons you! The adder misses you.
You closely miss the adder.
The adder is almost dead.
You die...

Skill      XL: |  1 |
---------------+----+-----
Dodging        | 1 |  1.8
Armour         | 2 |  2.4
Fighting       | |  1.0
Stealth        | |  0.8
Evocations     | |  3.5

Action                   || total
-------------------------++-------
Melee: Club              ||    35
       Spear             ||   120
Armor: Leather armour    ||    39
Dodge: Dodged            ||    76

Levels and vault maps discovered:
D:1:      psy_arrival_dodecagon, layout_rooms
D:2:      layout_loops_cross, chequers_ecumenical_altar_simple_redux,
          minmay_snake_closets
D:4:      lemuel_castle_with_subvaults [lemuel_castle_interior_carwin_1],
          layout_basic, serial_shops, kennysheep_mini_moat, tgw_xom

Notes
Turn   | Place    | Note
-------+----------+-------------------------------------------
     0 | D:1      | Dracia the Demonspawn Artificer began the quest for the
                  | Orb.
     0 | D:1      | Reached XP level 1. HP: 15/15 MP: 1/1
    19 | D:1      | Reached skill level 1 in Dodging
   292 | D:1      | Reached skill level 2 in Armour
   451 | D:1      | Gained mutation: Your flesh is cold resistant. (rC+)
                  | [demonic ancestry]
   451 | D:1      | Reached XP level 2. HP: 20/21 MP: 2/2
   979 | D:1      | Gained mutation: You have an unusually large brain. (Int
                  | +2) [demonic ancestry]
   979 | D:1      | Reached XP level 3. HP: 12/26 MP: 3/3
  1457 | D:2      | HP: 1/26 [worm (7)]
  1758 | D:2      | HP: 2/26 [worm (4)]
  2108 | D:2      | You fall into a shaft and drop 2 floors!
  2145 | D:4      | HP: 2/26 [adder (2)]
  2146 | D:4      | Succumbed to an adder's poison

Vanquished Creatures
  2 oozes (D:1)
  2 worms (D:2)
  A ball python (D:1)
  3 bats
  A giant cockroach (D:1)
  4 hobgoblins (D:1)
  3 frilled lizards
  6 kobolds
  5 rats (D:1)
27 creatures vanquished.

Table legend: (Time is in decaauts)
 A = Elapsed time spent in this place.
 B = Non-inter-level travel time spent in this place.
 C = Inter-level travel time spent in this place.
 D = Time resting spent in this place.
 E = Time spent auto-exploring this place.
 F = Levels seen in this place.
 G = Mean time per level.
                   A        B        C        D        E       F      G
               +--------+--------+--------+--------+--------+-----+--------+
         Total |   2166 |   2128 |     38 |    575 |   1260 |   3 |  722.0 |
       Dungeon |   2166 |   2128 |     38 |    575 |   1260 |   3 |  722.0 |
               +--------+--------+--------+--------+--------+-----+--------+

Top non-repeatable levels by time:
     D:1: 1314 daAuts
     D:2: 814 daAuts
     D:4: 38 daAuts

Table legend:
 A = Non-vault XP
 B = Vault XP
 C = Vault XP percentage of total XP
 D = Non-vault monster count
 E = Vault monster count
 F = Vault count percentage of total count
                 A         B        C        D         E       F
            +---------+---------+-------+---------+---------+-------
      Total |      58 |       0 |   0.0 |      27 |       0 |   0.0
            +---------+---------+-------+---------+---------+-------
        D:1 |      44 |       0 |   0.0 |      21 |       0 |   0.0
        D:2 |      14 |       0 |   0.0 |       6 |       0 |   0.0
            +---------+---------+-------+---------+---------+-------
